 Dungeon Crawl Stone Soup version 0.17-a0-1404-gb8113a6 (webtiles) character file.

112 urechis the Poker (level 4, 0/33 HPs)
             Began as a Merfolk Gladiator on June 21, 2015.
             Slain by urechis's ghost (4 damage)
             ... on level 3 of the Dungeon.
             The game lasted 00:03:11 (1857 turns).

urechis the Poker (Merfolk Gladiator)               Turns: 1857, Time: 00:03:11

Health: 0/33       AC:  5    Str: 15    XL:     4   Next: 93%
Magic:  4/4        EV:  8    Int:  7    God:
Gold:   87         SH:  0    Dex: 15    Spells: 0 memorised, 3 levels left

rFire  . . .     SeeInvis .     a - +0 trident
rCold  . . .     Clarity  .     b - +0 leather armour
rNeg   . . .     SustAt   .     (no shield)
rPois  .         Gourm    .     c - +0 helmet
rElec  .         Spirit   .     (no cloak)
rCorr  .         Warding  .     (no gloves)
rMut   .         Stasis   .     r - +0 pair of boots
MR     .....                    (no amulet)
Stlth  +.........               (no ring)
                                (no ring)

@: not resistant to hostile enchantments, very unstealthy
A: change form in water, swift swim
a: no special abilities


You were on level 3 of the Dungeon.
You were very hungry.

You visited 1 branch of the dungeon, and saw 3 of its levels.

You collected 87 gold pieces.

Inventory:

Hand weapons
 a - a +0 trident (weapon)
Missiles
 e - 3 throwing nets (quivered)
Armour
 b - a +0 leather armour (worn)
 c - a +0 helmet (worn)
 r - a +0 pair of boots (worn)
Scrolls
 f - 2 scrolls of teleportation {unknown}
 g - 5 scrolls of identify {unknown}
 h - 2 scrolls of enchant armour {unknown}
 l - a scroll of remove curse {unknown}
 p - a scroll of recharging {unknown}
 q - a scroll of fear {unknown}
Potions
 j - 3 potions of curing {unknown}
 k - a potion of haste {unknown}
 n - a potion of heal wounds {unknown}
Comestibles
 d - 3 bread rations
 i - a meat ration
 m - 4 fruits
 o - a royal jelly


   Skills:
 - Level 2.1 Fighting
 + Level 7.9 Polearms
 - Level 2.0 Throwing
 - Level 4.0 Dodging


You had 3 spell levels left.
You didn't know any spells.

Dungeon Overview and Level Annotations

Branches:
Dungeon (3/15)

Altars:

Annotations:
D:3 urechis's ghost, average MfGl


Message History

Urechis's ghost is severely damaged.
Urechis's ghost hits you!
* * * LOW HITPOINT WARNING * * *
You are too injured to fight recklessly!
You are too injured to fight recklessly!
You are too injured to fight recklessly!
You are too injured to fight recklessly!
You are too injured to fight recklessly!
You are too injured to fight recklessly!
You are too injured to fight recklessly!
You are too injured to fight recklessly!
You are too injured to fight recklessly!
You are too injured to fight recklessly!
You are too injured to fight recklessly!
You are too injured to fight recklessly!
You are too injured to fight recklessly!
You are too injured to fight recklessly!
You are too injured to fight recklessly!
Urechis's ghost hits you.
You die...

######### #.......####
#..........#
#.#..........#
#.#.....÷....#
.............#
..........#.## #.
#.....W).#.#
...##.##.##@.#.##
#....##.###.#..#########
#..............÷.......
#S###...###...#........
#...#####.#........
..##....# #.#........
#........## #.#........
##........###..........
#.........###....#####


You could see urechis's ghost.

Vanquished Creatures
  Ijyb (D:2)
  3 adders
  2 oozes
  2 worms (D:2)
  An orc (D:3)
  4 bats
  2 giant cockroaches
  5 hobgoblins
  2 jackals (D:2)
  2 quokkas (D:2)
  A giant newt (D:1)
  9 goblins
  5 kobolds
  4 rats
43 creatures vanquished.

Notes
Turn   | Place    | Note
--------------------------------------------------------------
     0 | D:1      | urechis the Merfolk Gladiator began the quest for the Orb.
     0 | D:1      | Reached XP level 1. HP: 16/16 MP: 1/1
   140 | D:1      | Reached skill level 5 in Polearms
   183 | D:1      | Reached XP level 2. HP: 20/22 MP: 2/2
   748 | D:2      | Reached skill level 6 in Polearms
   748 | D:2      | Reached XP level 3. HP: 25/27 MP: 3/3
  1050 | D:2      | Noticed Ijyb
  1055 | D:2      | Reached XP level 4. HP: 29/33 MP: 4/4
  1078 | D:2      | Killed Ijyb
  1078 | D:2      | Reached skill level 7 in Polearms
  1529 | D:3      | Noticed urechis's ghost (average MfGl)
  1857 | D:3      | Slain by urechis's ghost

Vault maps used:
D:1:      enne_arrival_octagon_isle, serial_bayou_pond_d
D:2:      kennysheep_the_goblin_king, first_bread
D:3:      overflow_temple_1_default, minmay_misc_feat_roman, dk_vineyard_3

Action                   |  1- 3 |  4- 6 || total
-------------------------+-------+-------++-------
Melee: Trident           |   102 |    83 ||   185
 Stab: Sleeping          |     4 |     2 ||     6
       Distracted        |     1 |       ||     1
  Eat: Chunk             |       |     2 ||     2
